 Dungeon Crawl Stone Soup version 0.29.1-12-g30fa7ad0bf (webtiles) character file.

Game seed: 6211602324952888770

4120 ThatPearl the Conjurer (level 9, 0/77 HPs)
             Began as a Demigod Conjurer on Jan 7, 2023.
             Slain by an orc warrior
             ... wielding a +0 glaive
              (15 damage)
             ... on level 7 of the Dungeon.
             The game lasted 00:41:58 (8863 turns).

ThatPearl the Conjurer (Demigod Conjurer)           Turns: 8863, Time: 00:41:58

Health: 0/77       AC:  4    Str:  8    XL:     9   Next: 78%
Magic:  14/22      EV: 13    Int: 38    God:
Gold:   182        SH:  5    Dex: 12    Spells: 0/20 levels left

rFire   . . .      SeeInvis .   l - +1 dagger (venom)
rCold   . . .      Faith    .   o - +0 buckler
rNeg    . . .      Spirit   .   a - +0 robe
rPois   .          Reflect  .   A - +0 helmet
rElec   .          Harm     .   (no cloak)
rCorr   .          Rampage  .   (no gloves)
Will    .....                   K - +0 pair of boots
Stlth   ++........              e - amulet of regeneration
HPRegen 1.02/turn               r - +4 ring of slaying
MPRegen 0.18/turn               u - +6 ring of intelligence

@: no status effects
A: high MP 1, forlorn, divine attributes
a: no special abilities


You were on level 7 of the Dungeon.
You visited 1 branch of the dungeon, and saw 7 of its levels.
You also visited: Sewer and Bailey.

You collected 482 gold pieces.
You spent 300 gold pieces at shops.

Inventory:

Hand Weapons
 f - a +0 hand axe
 h - a +1 whip of flaming
 i - a +2 mace of holy wrath
 l - a +1 dagger of venom (weapon)
 p - a +0 sling
 t - a +4 spear
Missiles
 k - 60 stones
Armour
 a - a +0 robe (worn)
 c - a +0 leather armour
 o - a +0 buckler (worn)
 s - a +0 ring mail
 A - a +0 helmet (worn)
 K - a +0 pair of boots (worn)
Jewellery
 e - an amulet of regeneration (around neck)
 r - a +4 ring of slaying (left hand)
 u - a +6 ring of intelligence (right hand)
 D - a ring of willpower
 F - a ring of ice
Scrolls
 d - 3 scrolls of amnesia {unknown}
 j - 2 scrolls of vulnerability {unknown}
 n - 2 scrolls of immolation {unknown}
 w - 2 scrolls of enchant armour
 y - 3 scrolls of summoning {unknown}
 z - 2 scrolls of magic mapping {unknown}
 B - 3 scrolls of identify
 E - a scroll of poison {unknown}
 G - a scroll of fear {unknown}
Potions
 b - 2 potions of magic
 g - a potion of might {unknown}
 m - a potion of curing
 q - a potion of resistance
 v - 3 potions of ambrosia
 x - a potion of mutation
 C - 3 potions of lignification
 H - a potion of attraction
 I - 2 potions of berserk rage
 J - a potion of heal wounds


   Skills:
 + Level 6.3 Fighting
 + Level 4.2 Dodging
 - Level 1.7 Stealth
 - Level 5.0 Shields
 + Level 6.2 Spellcasting
 + Level 7.5 Conjurations
 + Level 2.5 Air Magic


You couldn't memorise any spells.
You knew the following spells:

 Your Spells              Type           Power      Damage    Failure   Level
a - Airstrike             Air            15%        2d(3-19)  14%         4
b - Iskenderun's Mystic   Conj/Tloc      40%        2d9       8%          4
c - Magic Dart            Conj           100%       1d8       1%          1
d - Dazzling Flash        Conj/Hex       80%        N/A       2%          3
r - Irradiate             Conj/Tmut      20%        3d18      22%         5
s - Searing Ray           Conj           100%       2d8       1%          2
w - Slow                  Hex            44%        N/A       3%          1

Your spell library contained the following spells:

 Spells                   Type           Power      Damage    Failure   Level
 Sublimation of Blood     Necr           11%        N/A       6%          2
 Wereblood                Tmut           11%        N/A       6%          2
 Fulminant Prism          Conj/Hex       20%        3d13      8%          4
 Call Canine Familiar     Summ           11%        N/A       12%         3
 Confusing Touch          Hex            11%        N/A       12%         3
 Portal Projectile        Hex/Tloc       22%        N/A       12%         3
 Vampiric Draining        Necr           11%        2d6       12%         3
 Lightning Bolt           Conj/Air       25%        1d41      13%         5
 Summon Lightning Spire   Summ/Air       21%        N/A       22%         4
 Leda's Liquefaction      Hex/Erth       5%         N/A       36%         4
 Blade Hands              Tmut           5%         N/A       71%         5
 Dragon Form              Tmut           5%         N/A       100%        7
 Summon Hydra             Summ           5%         N/A       100%        7


Dungeon Overview and Level Annotations

Branches:
Dungeon (7/15)             Temple (0/1) D:4           Sewer (visited)
 Bailey (visited)

Shops:
D:6 :


Innate Abilities, Weirdness & Mutations

You have an increased reservoir of magic. (+10% MP)
You shall have no god before yourself.
Your divine heritage dramatically boosts your attributes as you level up.


Message History

Aiming: Searing Ray (safe; 1% risk of failure)
Press: ? - help, Shift-Dir - straight line, f - orc warrior
Aim: an orc warrior, wielding a +0 glaive and wearing a +0 chain mail (81% to hit)
The searing ray hits the orc warrior.
The orc warrior is lightly wounded. (Press . to maintain the ray.)
The searing ray hits the orc warrior.
The orc warrior is moderately wounded.
The orc warrior barely misses you.
The searing ray misses the orc warrior.
The orc warrior barely misses you.
The searing ray hits the orc.
The orc is heavily wounded.
The searing ray hits the orc warrior.
The orc warrior is heavily wounded.
You finish channelling your searing ray.
The orc warrior hits you from afar with a +0 glaive!
The orc barely misses you.
Casting: Searing Ray (safe; 1% risk of failure)
Confirm with . or Enter, or press ? or * to list all spells.
Aiming: Searing Ray (safe; 1% risk of failure)
Press: ? - help, Shift-Dir - straight line, f/p - orc warrior
Aim: an orc warrior, wielding a +0 glaive and wearing a +0 chain mail (heavily wounded, 81% to hit)
The searing ray hits the orc but does no damage.
The orc is heavily wounded.
The searing ray misses the orc warrior. (Press . to maintain the ray.)
The orc warrior hits you from afar with a +0 glaive!!
You block the orc's attack.
The searing ray hits the orc!
You kill the orc!
The searing ray hits the orc warrior!
The orc warrior is severely wounded.
The orc warrior hits you from afar with a +0 glaive!!
* * * LOW HITPOINT WARNING * * *
The searing ray hits the orc!
You kill the orc!
The searing ray hits the orc warrior.
The orc warrior is almost dead.
The orc warrior hits you from afar with a +0 glaive!
You die...

.........##.#.#.#.#..#
.####.#. .....#.#.#..#
......#..##...#.#.#..#
....#### ##...#.#.#..#
....... .......#....##
....... ###..........#
....... .........#.###
....... ########.#..#
....... #.@....#
....... #)###..#
....... #.o###..#
....... #...###..#
....... #.#..#...#
#...### #.#..#...#
#...# # ..._...# ....#
#..#..## ....#


You could see an orc warrior.

Vanquished Creatures
  Pikel (D:4)
  Grinder (D:4)
  A wyvern (D:7)
  2 yaks (D:5)
  5 orc warriors
  2 black bears
  5 ogres
  A centaur (D:4)
  4 lemures
  2 phantoms
  2 bullfrogs (D:6)
  4 scorpions
  4 wights (D:7)
  2 howler monkeys
  5 orc priests
  5 hounds
  2 gnoll boudas (D:4)
  Jessica (D:2)
  4 iguanas (D:4)
  6 orc wizards
  A hell rat (Sewer)
  8 gnolls
  8 adders
  5 river rats
  A white imp (D:7)
  An ufetubus (D:6)
  5 worms
  2 dart slugs
  36 orcs
  13 ball pythons
  7 endoplasms
  9 giant cockroaches
  21 goblins
  19 hobgoblins
  5 jackals
  7 kobolds
  4 quokkas
  3 frilled lizards
  21 rats
235 creatures vanquished.

Vanquished Creatures (others)
  Blork the orc (D:6)
1 creature vanquished.

Grand Total: 236 creatures vanquished

Notes
Turn   | Place    | Note
-------+----------+-------------------------------------------
     0 | D:1      | ThatPearl the Demigod Conjurer began the quest for the Orb.
     0 | D:1      | Reached XP level 1. HP: 14/14 MP: 5/5
   308 | D:1      | Reached XP level 2. HP: 14/22 MP: 5/7
   472 | D:1      | Reached skill level 1 in Fighting
   544 | D:1      | Learned a level 2 spell: Searing Ray
   645 | D:1      | Reached XP level 3. HP: 28/28 MP: 6/8
  1200 | D:2      | Noticed Jessica
  1204 | D:2      | Killed Jessica
  1205 | D:2      | Reached skill level 4 in Conjurations
  1479 | D:2      | Reached XP level 4. HP: 35/35 MP: 5/10
  2447 | D:3      | Learned a level 3 spell: Dazzling Flash
  2547 | D:3      | Reached skill level 1 in Shields
  2560 | D:3      | Found a glowing drain.
  2569 | Sewer    | Entered a sewer
  2585 | Sewer    | Reached XP level 5. HP: 39/41 MP: 12/12
  3269 | D:4      | Noticed an ogre
  3470 | D:3      | Killed an ogre
  3490 | D:4      | Reached XP level 6. HP: 40/50 MP: 7/13
  3541 | D:3      | Learned a level 5 spell: Irradiate
  3960 | D:4      | Found a staircase to the Ecumenical Temple.
  4108 | D:4      | Noticed Grinder
  4129 | D:4      | Paralysed by Grinder for 4 turns
  4134 | D:4      | Killed Grinder
  4135 | D:4      | Reached skill level 5 in Conjurations
  4135 | D:4      | Reached XP level 7. HP: 49/57 MP: 7/15
  4149 | D:4      | Noticed Pikel
  4275 | D:4      | Killed Pikel
  4541 | D:4      | Reached XP level 8. HP: 66/66 MP: 11/18
  4698 | D:4      | Reached skill level 6 in Conjurations
  5020 | D:5      | Entered Level 5 of the Dungeon
  5106 | D:5      | Learned a level 4 spell: Iskenderun's Mystic Blast
  5419 | D:5      | Reached skill level 5 in Spellcasting
  5421 | D:5      | Reached skill level 5 in Fighting
  5988 | D:5      | Reached skill level 5 in Shields
  6339 | D:6      | Reached XP level 9. HP: 72/74 MP: 12/20
  7080 | D:6      | Learned a level 4 spell: Airstrike
  7124 | D:6      | Reached skill level 7 in Conjurations
  7155 | D:6      | Noticed Blork the orc
  7164 | D:6      | Killed Blork the orc
  7290 | D:6      | Found Bovyaff's Book Shoppe.
  7293 | D:6      | Bought a book of Debilitation for 300 gold pieces
  7425 | D:7      | Reached skill level 1 in Air Magic
  7614 | D:7      | Found a flagged portal.
  7623 | Bailey   | Entered a bailey
  7870 | Bailey   | Learned a level 1 spell: Slow
  8094 | Bailey   | Noticed an orc warlord
  8096 | Bailey   | Identified the +1 war axe of Cataclysm {vorpal, Will+
                  | Str+3}
  8863 | D:7      | Slain by an orc warrior

Illustrated notes

Levels and vault maps discovered:
D:1:      dpeg_arrival_long_road, layout_loops_ring,
          hellmonk_ecumenical_altar_heavens_door
D:2:      minmay_razor_zed, layout_basic, minmay_misc_feat_chi, uniq_jessica
D:3:      layout_basic, nicolae_overflow_hidden_temple, portal_sewer_entry_e,
          minmay_curled_crystal
D:4:      layout_basic, mainiacjoe_overflow_six_doors_small,
          minmay_temple_entry_large_hall, serial_glass, glass_columns_a,
          glass_columns_a, minmay_strange_pillars, item_on_display_b,
          feat_on_display, nzn_random_ring, uniq_grinder, uniq_pikel
D:5:      layout_gridville
D:6:      wander_river, layout_basic, kennysheep_little_box, tgw_sif,
          serial_shops, shop, uniq_blork_the_orc
D:7:      layout_basic, cheibrodos_ashenzari_chains, enter_bailey_5

Skill      XL: |  1  2  3  4  5  6  7  8  9 |
---------------+----------------------------+-----
Dodging        | 2 4 |  4.2
Spellcasting   | 2 3 4 5 6 |  6.2
Fighting       | 1 2 3 4 5 6 |  6.3
Conjurations   | 4 5 6 7 |  7.5
Shields        | 1 2 3 5 |  5.0
Air Magic      | 2 |  2.5
Stealth        | |  1.7

Action                   |  1- 3 |  4- 6 |  7- 9 || total
-------------------------+-------+-------+-------++-------
Melee: Hand axe          |    16 |       |       ||    16
       Unarmed           |     4 |       |       ||     4
       Mace              |     3 |    65 |       ||    68
       Dagger            |       |    35 |   162 ||   197
 Cast: Magic Dart        |    51 |    35 |   123 ||   209
       Searing Ray       |     5 |    16 |    64 ||    85
       Dazzling Flash    |       |     3 |    11 ||    14
  Use: Scroll            |       |     4 |    11 ||    15
       Potion            |       |     1 |     2 ||     3
 Stab: Sleeping          |     2 |     1 |     1 ||     4
       Invisible         |       |     2 |       ||     2
Armor: Robe              |     3 |    13 |    45 ||    61
Dodge: Dodged            |    15 |    92 |   176 ||   283
Block: Buckler           |       |    23 |    60 ||    83
